 Dungeon Crawl Stone Soup version 0.22-a0-136-g83a10e5 (webtiles) character file.

9354 varam the Cleaver (level 11, -8/95 HPs)
             Began as a Hill Orc Fighter on Feb 4, 2018.
             Was an Elder of Cheibriados.
             Killed from afar by Harold (23 damage)
             ... with a bolt of fire
             ... on level 10 of the Dungeon.
             The game lasted 00:21:55 (8539 turns).

varam the Cleaver (Hill Orc Fighter)                Turns: 8539, Time: 00:21:56

Health: -8/95      AC: 20    Str: 29    XL:     11   Next: 45%
Magic:  10/16      EV: 14    Int: 22    God:    Cheibriados [****..]
Gold:   615        SH: 16    Dex: 19    Spells: 10/10 levels left

rFire    . . .     SeeInvis .   a - +0 war axe
rCold    . . .     Gourm    .   c - +0 shield
rNeg     . . .     Faith    .   b - +0 scale mail
rPois    .         Spirit   .   v - +0 helmet
rElec    .         Reflect  +   O - +2 cloak of the Crypt {Int+2}
rCorr    .         Harm     .   d - +0 pair of gloves (curse)
MR       .....                  (no boots)
Stlth    ..........             w - +3 amulet of reflection
HPRegen  0.25/turn              i - +5 ring of evasion
MPRegen  0.15/turn              E - +6 ring of protection

@: very slow
A: no striking features
a: Bend Time, Temporal Distortion, Slouch, Renounce Religion


You were on level 10 of the Dungeon.
You worshipped Cheibriados.
Cheibriados was greatly pleased with you.
You were not hungry.

You visited 2 branches of the dungeon, and saw 11 of its levels.

You collected 615 gold pieces.

Inventory:

Hand Weapons
 a - a +0 war axe (weapon)
 I - a +3 hunting sling
Missiles
 j - 8 tomahawks (quivered)
Armour
 b - a +0 scale mail (worn)
 c - a +0 shield (worn)
 d - a cursed +0 pair of gloves (worn)
 v - a +0 helmet (worn)
 O - the +2 cloak of the Crypt (worn) {Int+2}
   (You found it on level 10 of the Dungeon)

   It affects your intelligence (+2).
Jewellery
 i - a +5 ring of evasion (left hand)
 n - an uncursed ring of ice
 w - a +3 amulet of reflection (around neck)
 E - a +6 ring of protection (right hand)
Wands
 u - a wand of polymorph (10)
 F - a wand of flame (67)
 Q - a wand of iceblast (6)
Scrolls
 g - a scroll of blinking {unknown}
 m - 3 scrolls of enchant armour
 p - 2 scrolls of fear
 r - 4 scrolls of teleportation
 t - a scroll of noise
 y - 5 scrolls of remove curse
 A - a scroll of fog {unknown}
 C - a scroll of magic mapping {unknown}
 G - a scroll of enchant weapon {unknown}
 H - a scroll of immolation {unknown}
 K - a scroll of vulnerability {unknown}
Potions
 e - 3 potions of lignification {unknown}
 h - a potion of degeneration {unknown}
 k - a potion of ambrosia {unknown}
 o - 3 potions of curing
 s - 3 potions of magic
 x - 2 potions of flight {unknown}
 z - 2 potions of agility {unknown}
 B - a potion of cancellation {unknown}
 D - 3 potions of invisibility {unknown}
 J - 3 potions of resistance {unknown}
 L - a potion of berserk rage {unknown}
 N - a potion of heal wounds {unknown}
 S - a potion of haste {unknown}
Books
 P - a book of Unlife

   Spells                             Type                      Level
   a - Recall                         Summoning/Translocation      3
   b - Animate Dead                   Necromancy                   4
   c - Borgnjor's Vile Clutch         Necromancy/Earth             5
   d - Death Channel                  Necromancy                   6
   e - Simulacrum                     Ice/Necromancy               6
Miscellaneous
 q - a phantom mirror
 M - a box of beasts
Comestibles
 f - 15 rations
 l - 8 chunks of flesh


   Skills:
 + Level 8.4 Fighting
 * Level 14.6 Axes
 + Level 7.7 Armour
 + Level 9.6 Shields
 + Level 6.7 Invocations


You had 10 spell levels left.
You didn't know any spells.

Dungeon Overview and Level Annotations

Branches:
Dungeon (10/15)            Temple (1/1) D:5            Lair (0/6) D:8
    Orc: D:9-12

Altars:
Ashenzari
Cheibriados
Dithmenos
Elyvilon
Fedhas
Gozag
Hepliaklqana
Kikubaaqudgha
Makhleb
Nemelex Xobeh
Okawaru
Qazlal
Ru
Sif Muna
Trog
Uskayaw
Vehumet
Wu Jian
Xom
Yredelemnul
Zin
The Shining One
Beogh

Shops:
D:7 (

Annotations:
D:10 Harold


Message History

You throw a steel javelin.
The steel javelin hits Harold but does no damage.
Harold is almost dead.
Harold throws a throwing net.
The throwing net barely misses you.
Throwing (i - inventory. (/) - cycle)
R - a steel javelin (quivered)
Press: ? - help, Shift-Dir - straight line, f/p - Harold
Aim: Harold, wielding a trident of pain and wearing a ring mail (almost dead, slow)
You throw a steel javelin. The steel javelin hits Harold.
Harold is almost dead.
Harold is no longer moving slowly.
Throwing (i - inventory)
j - 9 tomahawks (quivered)
Press: ? - help, Shift-Dir - straight line, f/p - Harold
Aim: Harold, wielding a trident of pain and wearing a ring mail (almost dead)
You throw a tomahawk.
The tomahawk hits Harold but does no damage.
Harold is almost dead.
Harold asks, "Do you mind if I name my boat the 'varam'?
Your head will be paying for it, after all."
Harold points at you and mumbles some strange words.
The bolt of fire hits you!
You die...

...########.#.#.#.#
##. #.#.###.# ##
#....รท..#
###'##### #...#
###(# #.## #..#
##@# #.......#
#.......# +.....@.#
#.....(.# #####+###


You could see Harold.

Vanquished Creatures
  2 two-headed ogres
  A cyclops (D:10)
  Joseph (D:7)
  A komodo dragon (D:8)
  2 trolls
  Prince Ribbit (D:8)
  A hippogriff (D:9)
  2 wyverns
  Sigmund (D:6)
  Eustachio (D:6)
  Grum (D:8)
  2 humans (D:7)
  7 yaks
  Menkaure (D:4)
  4 orc warriors
  An ice beast (D:10)
  5 sky beasts
  A phantom (D:6)
  7 ogres
  A centaur (D:10)
  2 wolves (D:8)
  A crocodile (D:10)
  8 bullfrogs
  The ghost of stickyfingers the Scratcher, an amateur FeCK of Xom (D:3)
  2 scorpions
  3 killer bees (D:9)
  7 howler monkeys
  3 crimson imps
  A bullfrog zombie (D:9)
  4 hounds
  A jelly (D:8)
  4 orc priests
  3 bullfrog skeletons
  2 iguanas
  5 orc wizards
  8 worker ants
  A howler monkey skeleton (D:4)
  15 adders
  2 shadow imps
  An adder skeleton (D:5)
  An adder zombie (D:6)
  5 worms
  2 dart slugs
  6 leopard geckos
  42 orcs
  10 giant cockroaches
  10 goblins
  9 hobgoblins
  16 jackals
  6 quokkas
  A ball python (D:1)
  4 bats
  9 frilled lizards
  A jackal skeleton (D:4)
  A jackal zombie (D:7)
  3 kobolds
  A leopard gecko zombie (D:9)
  A quokka zombie (D:8)
  5 rats
  38 plants (D:8)
288 creatures vanquished.

Vanquished Creatures (others)
  An orc (D:9)
  2 plants (D:8)
3 creatures vanquished.

Grand Total: 291 creatures vanquished

Notes
Turn   | Place    | Note
-------+----------+-------------------------------------------
     0 | D:1      | varam the Hill Orc Fighter began the quest for the Orb.
     0 | D:1      | Reached XP level 1. HP: 19/19 MP: 1/1
    88 | D:1      | Reached skill level 3 in Axes
   195 | D:1      | Reached XP level 2. HP: 26/26 MP: 2/2
   676 | D:2      | Reached skill level 4 in Axes
   676 | D:2      | Reached XP level 3. HP: 30/31 MP: 3/3
   920 | D:2      | Found a glowing golden altar of the Shining One.
   987 | D:2      | Reached skill level 4 in Shields
  1010 | D:2      | Reached XP level 4. HP: 38/39 MP: 4/4
  1020 | D:2      | Reached skill level 5 in Axes
  1031 | D:2      | Found a stormy altar of Qazlal.
  1318 | D:3      | Reached XP level 5. HP: 45/45 MP: 5/5
  1335 | D:3      | Reached skill level 6 in Axes
  1356 | D:3      | Found a bloodstained altar of Trog.
  1442 | D:3      | Noticed stickyfingers's ghost (amateur FeCK)
  1458 | D:3      | Killed stickyfingers's ghost
  1458 | D:3      | Reached XP level 6. HP: 31/51 MP: 6/6
  1895 | D:4      | Noticed Menkaure
  1902 | D:4      | Killed Menkaure
  1902 | D:4      | Reached skill level 7 in Axes
  1902 | D:4      | Reached skill level 5 in Shields
  2301 | D:4      | Noticed a yak
  2301 | D:4      | Noticed a yak
  2301 | D:4      | Noticed a yak
  2303 | D:4      | Noticed a yak
  2314 | D:4      | Killed a yak
  2314 | D:4      | Reached skill level 8 in Axes
  2314 | D:4      | Reached XP level 7. HP: 57/57 MP: 7/7
  2318 | D:4      | Killed a yak
  2318 | D:4      | Reached skill level 9 in Axes
  2318 | D:4      | Reached skill level 6 in Shields
  2320 | D:4      | Killed a yak
  2323 | D:4      | Killed a yak
  2323 | D:4      | Reached skill level 10 in Axes
  2323 | D:4      | Reached XP level 8. HP: 64/64 MP: 8/8
  2863 | D:5      | Entered Level 5 of the Dungeon
  2869 | D:5      | Reached skill level 4 in Fighting
  3113 | D:5      | Found a staircase to the Ecumenical Temple.
  3126 | Temple   | Entered the Ecumenical Temple
  3160 | Temple   | Became a worshipper of Cheibriados the Contemplative
  3189 | D:5      | Reached skill level 7 in Shields
  3257 | D:5      | Reached skill level 4 in Armour
  3333 | D:5      | Found a sparkling altar of Nemelex Xobeh.
  3436 | D:5      | Found a runed door.
  3449 | D:5      | Reached skill level 11 in Axes
  3502 | D:5      | Reached skill level 5 in Fighting
  3502 | D:5      | Reached XP level 9. HP: 41/74 MP: 9/9
  3534 | D:5      | Reached * piety under Cheibriados
  3809 | D:5      | Found a roughly hewn altar of Beogh.
  4201 | D:5      | Reached skill level 5 in Armour
  4264 | D:6      | Reached skill level 1 in Invocations
  4326 | D:6      | Reached ** piety under Cheibriados
  4329 | D:6      | Noticed Eustachio
  4359 | D:6      | Killed Eustachio
  4359 | D:6      | Reached skill level 12 in Axes
  4587 | D:6      | Reached skill level 2 in Invocations
  4737 | D:6      | Found a hide-covered altar of Uskayaw.
  4748 | D:6      | Reached skill level 6 in Fighting
  4757 | D:6      | Found a sacrificial altar of Ru.
  4762 | D:6      | Found a radiant altar of Vehumet.
  4815 | D:6      | Reached skill level 8 in Shields
  4834 | D:6      | Noticed Sigmund
  4846 | D:6      | Killed Sigmund
  4923 | D:6      | Reached skill level 3 in Invocations
  5228 | D:7      | Reached XP level 10. HP: 84/84 MP: 12/12
  5272 | D:7      | Found an iron altar of Okawaru.
  5285 | D:7      | Reached skill level 6 in Armour
  5415 | D:7      | Noticed Joseph
  5431 | D:7      | Killed Joseph
  5431 | D:7      | Reached skill level 4 in Invocations
  5505 | D:7      | Found Edur's Antique Weapon Shoppe.
  5511 | D:7      | Reached skill level 13 in Axes
  5716 | D:7      | Found a deep blue altar of Sif Muna.
  6461 | D:8      | Found a shimmering altar of Xom.
  6463 | D:8      | Found a shimmering altar of Xom.
  6463 | D:8      | Found a shimmering altar of Xom.
  6464 | D:8      | Found a shimmering altar of Xom.
  6469 | D:8      | Found a shimmering altar of Xom.
  6469 | D:8      | Found a shimmering altar of Xom.
  6476 | D:8      | Found a shimmering altar of Xom.
  6486 | D:8      | Noticed Grum
  6492 | D:8      | Reached *** piety under Cheibriados
  6501 | D:8      | Killed Grum
  6504 | D:8      | Reached skill level 7 in Fighting
  6566 | D:8      | Noticed Prince Ribbit
  6582 | D:8      | Killed Prince Ribbit
  6732 | D:8      | Found a staircase to the Lair.
  6746 | D:8      | Reached skill level 5 in Invocations
  7008 | D:8      | Reached skill level 9 in Shields
  7421 | D:9      | Found an ornate altar of the Wu Jian Council.
  7550 | D:9      | Reached skill level 7 in Armour
  7630 | D:9      | Found a shadowy altar of Dithmenos.
  7660 | D:9      | Noticed a two-headed ogre
  7668 | D:9      | Killed a two-headed ogre
  7668 | D:9      | Reached skill level 14 in Axes
  7668 | D:9      | Reached XP level 11. HP: 93/94 MP: 15/15
  7670 | D:9      | Reached **** piety under Cheibriados
  7742 | D:9      | Reached skill level 8 in Fighting
  7742 | D:9      | Reached skill level 6 in Invocations
  8263 | D:9      | Found a burning altar of Makhleb.
  8315 | D:10     | Entered Level 10 of the Dungeon
  8325 | D:10     | Noticed a two-headed ogre
  8333 | D:10     | Killed a two-headed ogre
  8354 | D:10     | Noticed a cyclops
  8378 | D:10     | Killed a cyclops
  8411 | D:10     | Got a spiked cloak
  8417 | D:10     | Identified the +2 cloak of the Crypt {Int+2} (You found it on level 10 of the Dungeon)
  8522 | D:10     | Noticed Harold
  8539 | D:10     | Killed from afar by Harold

Vault maps used:
D:1:      nagdon_arrival_zigzag_paths
D:2:      kennysheep_the_goblin_king, tso_altar, old_standard_altar
D:3:      old_standard_altar, first_ration
D:4:      st_stairs_7, minmay_mini_jars, uniq_menkaure
D:5:      nemelex_xobeh_ov_fountains_minmay, minmay_temple_entry_glass,
          lightli_church_of_beogh
D:6:      minitemple, grunt_decor_cap, uniq_eustachio, uniq_sigmund
D:7:      led_sif_book, serial_shops, nicolae_shop_overgrown_old_shop,
          okawaru_humans, uniq_joseph
D:8:      nicolae_xom_altar_mimics, david_lair_shrubbed, uniq_grum,
          uniq_prince_ribbit1
D:9:      old_standard_altar, lemuel_doored_altar, kennysheep_mini_moat
D:10:     kennysheep_generic_room_10, uniq_josephine, uniq_harold, uniq_psyche,
          uniq_maurice, uniq_urug
Temple:   eino_temple_lava

Skill      XL: |  1  2  3  4  5  6  7  8  9 10 11 |
---------------+----------------------------------+-----
Axes           | 3 4 5 6 8 10 11 12 14 | 14.6
Shields        | 4 5 6 7 8 9 |  9.6
Fighting       | 5 6 7 8 |  8.4
Armour         | 4 5 7 |  7.7
Invocations    | 3 5 6 |  6.7

Action                   |  1- 3 |  4- 6 |  7- 9 | 10-12 || total
-------------------------+-------+-------+-------+-------++-------
Melee: War axe           |   107 |   140 |   426 |   537 ||  1210
Throw: Javelin           |       |       |     5 |    10 ||    15
       Tomahawk          |       |       |       |     2 ||     2
Invok: Bend Time         |       |       |       |     4 ||     4
       Slouch            |       |       |       |     1 ||     1
Evoke: Wand              |       |       |     1 |       ||     1
  Use: Potion            |       |     2 |       |     1 ||     3
       Scroll            |       |       |     6 |     2 ||     8
  Eat: Chunk             |       |     4 |     8 |     7 ||    19
Armor: Scale mail        |    30 |    45 |    89 |    65 ||   229
Dodge: Dodged            |    60 |    65 |   102 |    92 ||   319
Block: Shield            |    58 |    71 |   222 |   222 ||   573
       Reflection        |       |       |     4 |     2 ||     6

Table legend:
 A = Spawn XP
 B = Non-spawn XP
 C = Spawn XP percentage of total XP
 D = Spawn monster count
 E = Non-spawn monster count
 F = Spawn count percentage of total count
 G = Total turns spent on level
                    A         B        C        D         E        F      G
               +---------+---------+-------+---------+---------+-------+---------
         Total |       0 |   13363 |   0.0 |       0 |     251 |   0.0 |  8539
               +---------+---------+-------+---------+---------+-------+---------
           D:1 |       0 |      31 |   0.0 |       0 |      18 |   0.0 |   670
           D:2 |       0 |     108 |   0.0 |       0 |      31 |   0.0 |   633
           D:3 |       0 |     200 |   0.0 |       0 |      31 |   0.0 |   767
           D:4 |       0 |    1168 |   0.0 |       0 |      20 |   0.0 |   856
           D:5 |       0 |    1507 |   0.0 |       0 |      51 |   0.0 |  1229
           D:6 |       0 |    1538 |   0.0 |       0 |      21 |   0.0 |   978
           D:7 |       0 |    1210 |   0.0 |       0 |       8 |   0.0 |   940
           D:8 |       0 |    2519 |   0.0 |       0 |      29 |   0.0 |  1314
           D:9 |       0 |    3169 |   0.0 |       0 |      30 |   0.0 |   885
          D:10 |       0 |    1913 |   0.0 |       0 |      12 |   0.0 |   224
               +---------+---------+-------+---------+---------+-------+---------
